 Dungeon Crawl Stone Soup version 0.22.1-6-g1668fe2 (webtiles) character file.

37 redwoodhats the Chucker (level 3, -4/22 HPs)
             Began as a Gargoyle Hunter on Jan 29, 2019.
             Slain by Terence
             ... wielding a +0 trident
              (5 damage)
             ... on level 2 of the Dungeon.
             The game lasted 00:05:11 (1647 turns).

redwoodhats the Chucker (Gargoyle Hunter)           Turns: 1647, Time: 00:05:12

Health: -4/22      AC:  6    Str: 16    XL:     3   Next: 39%
Magic:  3/3        EV: 11    Int: 11    God:
Gold:   50         SH:  0    Dex: 10    Spells: 2/2 levels left

rFire    + . .     SeeInvis .   a - +0 short sword
rCold    + . .     Gourm    .   (no shield)
rNeg     + . .     Faith    .   b - +0 leather armour
rPois    ∞         Spirit   .   (no helmet)
rElec    +         Reflect  .   h - scarf {rC+ rF+}
rCorr    .         Harm     .   (no gloves)
MR       .....                  (no boots)
Stlth    +.........             (no amulet)
HPRegen  0.07/turn              (no ring)
MPRegen  0.08/turn              (no ring)

@: no status effects
A: negative energy resistance 1, electricity resistance, unbreathing,
petrification resistance, rot immunity, AC +3
a: no special abilities


You were on level 2 of the Dungeon.
You were not hungry.

You visited 1 branch of the dungeon, and saw 2 of its levels.

You collected 50 gold pieces.

Inventory:

Hand Weapons
 a - a +0 short sword (weapon)
Missiles
 c - a javelin (quivered)
Armour
 b - a +0 leather armour (worn)
 h - a scarf of resistance (worn)
Scrolls
 e - 3 scrolls of remove curse
Potions
 g - a potion of lignification
Comestibles
 f - a ration


   Skills:
 + Level 2.6 Fighting
 + Level 0.4 Short Blades
 + Level 4.1 Throwing
 + Level 0.8 Armour
 + Level 1.7 Dodging
 + Level 1.1 Stealth


You had 2 spell levels left.
You didn't know any spells.
Your spell library was empty.

Dungeon Overview and Level Annotations

Branches:
Dungeon (2/15)

Altars:

Annotations:
D:2 Terence


Innate Abilities, Weirdness & Mutations

You are resistant to torment.
Your stone body is resilient. (AC +3)
You are immune to poison.
You resist negative energy. (rN+)
You are resistant to electric shocks. (rElec)
You can survive without breathing.
You are immune to petrification.
You are immune to rotting.


Message History

Terence hits you but does no damage.
Your leather armour prevents you from hitting Terence.
Terence is heavily wounded.
Terence barely misses you.
You hit Terence but do no damage.
Terence is heavily wounded.
Terence zaps a wand.
The puff of flame hits you! You resist.
* * * LOW HITPOINT WARNING * * *
You hit Terence but do no damage.
Terence is heavily wounded.
Terence screams, "I want your blood!" Terence barely misses you.
You hit Terence.
Terence is severely wounded.
Terence zaps a wand.
The puff of flame hits you! You resist.
* * * LOW HITPOINT WARNING * * *
You hit Terence.
Terence is severely wounded.
The goblin barely misses you. Terence hits you with a trident.
You die...

#.. #(# #.## ...# #..#
#..# # #######@.##.#
.......@....#
#######g.####
...####..###
...........# #.
##.####..#.########.##
#.#.........)...##
#.###............. ...
#.#.†########.# ...
...#..# ##.##


You could see Terence and a goblin.

Vanquished Creatures
  4 dart slugs (D:1)
  A leopard gecko (D:1)
  A goblin (D:1)
  7 hobgoblins (D:1)
  5 bats (D:1)
  2 frilled lizards (D:1)
  5 kobolds
  2 rats (D:1)
  A toadstool (D:1)
28 creatures vanquished.

Vanquished Creatures (others)
  3 toadstools (D:1)
3 creatures vanquished.

Grand Total: 31 creatures vanquished

Notes
Turn   | Place    | Note
-------+----------+-------------------------------------------
     0 | D:1      | redwoodhats the Gargoyle Hunter began the quest for the
                  | Orb.
     0 | D:1      | Reached XP level 1. HP: 12/12 MP: 1/1
   429 | D:1      | Reached XP level 2. HP: 6/17 MP: 2/2
   436 | D:1      | Reached skill level 4 in Throwing
   901 | D:1      | Reached XP level 3. HP: 10/22 MP: 3/3
  1628 | D:2      | Noticed Terence
  1646 | D:2      | HP: 1/22 [Terence/wand of flame (24) (2)]
  1647 | D:2      | Slain by Terence

Skill      XL: |  1  2 |
---------------+-------+-----
Throwing       | 4 |  4.1
Fighting       | |  2.6
Short Blades   | |  0.4
Armour         | |  0.8
Dodging        | |  1.7
Stealth        | |  1.1

Action                   || total
-------------------------++-------
Melee: Short sword       ||   122
Throw: Javelin           ||    17
       Throwing net      ||     2
  Use: Scroll            ||     2
       Potion            ||     1
  Eat: Ration            ||     1
Armor: Leather armour    ||    53
Dodge: Dodged            ||    87
